 Dungeon Crawl Stone Soup version 0.27-a0-1147-gb3d8e82157 (webtiles) character file.

Game seed: 10632887152542903360

583 Froggeryz the Ruffian (level 7, -4/57 HPs)
             Began as a White Draconian Berserker on May 11, 2021.
             Was a Priest of Trog.
             Slain by a gnoll
             ... wielding a +0 quarterstaff of draining
              (6 damage)
             ... on level 5 of the Dungeon.
             The game lasted 00:03:57 (4416 turns).

Froggeryz the Ruffian (White Draconian Berserker)   Turns: 4416, Time: 00:03:57

Health: -4/57      AC:  6    Str: 20    XL:     7   Next: 14%
Magic:  16/16      EV: 13    Int:  8    God:    Trog [***...]
Gold:   182        SH:  0    Dex: 11    Spells: 6/6 levels left

rFire    + . .     SeeInvis .     - Unarmed
rCold    + . .     Faith    .   (no shield)
rNeg     . . .     Spirit   .   (armour unavailable)
rPois    .         Reflect  .   (helmet restricted)
rElec    .         Harm     .   (no cloak)
rCorr    .         Rampage  .   (no gloves)
Will     .....                  (no boots)
Stlth    +.........             (no amulet)
HPRegen  0.19/turn              i - ring of protection from fire
MPRegen  0.15/turn              n - ring of magical power

@: about to teleport, on berserk cooldown, slowed, very slow
A: breathe frost, AC +6, unfitting armour, cold resistance 1, cold-blooded
a: Breathe Frost, Renounce Religion, Berserk, Trog's Hand


You were on level 5 of the Dungeon.
You worshipped Trog.
Trog was most pleased with you.
You visited 1 branch of the dungeon, and saw 6 of its levels.

You collected 182 gold pieces.

Inventory:

Missiles
 h - 4 javelins (quivered)
Jewellery
 i - a ring of protection from fire (left hand)
 n - a ring of magical power (right hand)
Wands
 l - a wand of iceblast (11)
Scrolls
 a - a scroll of vulnerability
 f - a scroll of teleportation
 k - 2 scrolls of amnesia {unknown}
 m - a scroll of enchant weapon {unknown}
 o - a scroll of enchant armour {unknown}
 p - a scroll of noise {unknown}
 q - 2 scrolls of blinking {unknown}
Potions
 b - 3 potions of lignification {unknown}
 c - a potion of ambrosia {unknown}
 d - a potion of berserk rage {unknown}
 e - a potion of resistance {unknown}
 g - 3 potions of flight {unknown}
 j - a potion of mutation {unknown}


   Skills:
 - Level 3.2 Fighting
 + Level 4.8 Dodging
 * Level 7.0 Unarmed Combat


You had 6 spell levels left.
You didn't know any spells.
Your spell library was empty.

Dungeon Overview and Level Annotations

Branches:
Dungeon (6/15)
 Temple: D:4-7

Altars:
Ashenzari
Fedhas
Hepliaklqana
Kikubaaqudgha
Qazlal
Uskayaw
Zin


Innate Abilities, Weirdness & Mutations

You can breathe waves of freezing cold which knock back foes.
Your icy white scales are hard. (AC +6)
You cannot fit into any form of body armour.
Your flesh is cold resistant. (rC+)
You are cold-blooded and may be slowed by cold attacks.


Message History

You kill the hound!
Trog accepts your kill.
A gnoll comes into view. It is wielding a +0 whip.
The gnoll sergeant hits you from afar with a +2 vampiric spear!
Your Unarmed Combat skill increases to level 7!
The gnoll sergeant misses you.
You see here a hound corpse.
You closely miss the gnoll sergeant. You hit the gnoll sergeant.
The gnoll sergeant is lightly wounded.
The gnoll sergeant hits you but does no damage.
You barely miss the gnoll sergeant.
The gnoll sergeant is lightly wounded.
You hit the gnoll sergeant but do no damage.
The gnoll sergeant is lightly wounded.
The gnoll sergeant hits you with a +2 vampiric spear!
* * * LOW HITPOINT WARNING * * *
The gnoll sergeant draws strength from your wounds!
You hit the gnoll sergeant.
The gnoll sergeant is lightly wounded.
The gnoll barely misses you.
You barely miss the gnoll sergeant.
The gnoll sergeant is lightly wounded.
The gnoll sergeant hits you but does no damage.
You barely miss the gnoll sergeant.
The gnoll sergeant is lightly wounded.
You hit the gnoll sergeant but do no damage.
You tail-slap the gnoll sergeant!
The gnoll sergeant is moderately wounded.
You are no longer berserk.
You are exhausted.
You feel yourself slow down.
The gnoll sergeant hits you but does no damage.
The gnoll barely misses you.
As you read the scroll of teleportation, it crumbles to dust.
You feel strangely unstable. The gnoll barely misses you.
The gnoll sergeant hits you with a +2 vampiric spear!
* * * LOW HITPOINT WARNING * * *
The gnoll hits you with a +0 quarterstaff of draining.
You die...

#........# ... #........#
#.# #..!....<##..###.
####..........
##......#....#
##..#####.......
###....####..##...
########.......)gg......
#.....##.#..>...@g......
#..[..##.........###.....
...............### ##...
......##......##♣ ##..
......##.#....#
..#####..#...## .##
##.....#.# .# #........#
.# #.....## .


You could see a gnoll sergeant and 2 gnolls.

Vanquished Creatures
  Eustachio (D:4)
  A black bear (D:6)
  A necrophage (D:4)
  A water moccasin skeleton (D:4)
  2 hounds
  A hound skeleton (D:5)
  A gnoll (D:5)
  6 adders
  An ufetubus (D:5)
  An adder skeleton (D:4)
  A dart slug (D:1)
  An orc (D:3)
  14 ball pythons
  4 bats
  6 endoplasms
  A giant cockroach (D:1)
  6 hobgoblins
  11 jackals
  5 kobolds
  2 quokkas
  4 frilled lizards
  6 goblins
  3 rats (D:1)
80 creatures vanquished.

Notes
Turn   | Place    | Note
-------+----------+-------------------------------------------
     0 | D:1      | Froggeryz the Draconian Berserker began the quest for the
                  | Orb.
     0 | D:1      | Reached XP level 1. HP: 19/19 MP: 1/1
   393 | D:1      | Reached XP level 2. HP: 26/26 MP: 2/2
  1094 | D:1      | Reached XP level 3. HP: 31/31 MP: 3/3
  1271 | D:2      | Reached skill level 4 in Unarmed Combat
  1496 | D:2      | Reached ** piety under Trog
  1719 | D:2      | Found a faded altar of an unknown god.
  1756 | D:2      | Reached XP level 4. HP: 38/38 MP: 4/4
  2534 | D:3      | Found a blossoming altar of Fedhas.
  2618 | D:3      | Found a glowing silver altar of Zin.
  2763 | D:3      | Found a large runed translucent door.
  2764 | D:3      | Found a large runed translucent door.
  3026 | D:3      | Found a stormy altar of Qazlal.
  3029 | D:3      | Found an ancient bone altar of Kikubaaqudgha.
  3169 | D:4      | Noticed a necrophage
  3177 | D:4      | Killed a necrophage
  3178 | D:4      | Reached skill level 5 in Unarmed Combat
  3178 | D:4      | Reached XP level 5. HP: 45/45 MP: 5/5
  3229 | D:4      | Noticed Eustachio
  3256 | D:4      | Killed Eustachio
  3256 | D:4      | Reached *** piety under Trog
  3257 | D:4      | Reached skill level 6 in Unarmed Combat
  3257 | D:4      | Reached XP level 6. HP: 30/51 MP: 6/6
  3619 | D:4      | Found a hazy altar of Hepliaklqana.
  4056 | D:4      | Found a hide-covered altar of Uskayaw.
  4072 | D:4      | Found a broken altar of Ashenzari.
  4146 | D:5      | Entered Level 5 of the Dungeon
  4285 | D:5      | You fall into a shaft and drop 1 floor!
  4299 | D:6      | Your scales start taking on an icy white colour.
  4299 | D:6      | Reached XP level 7. HP: 55/57 MP: 7/7
  4299 | D:6      | Gained mutation: Your flesh is cold resistant. (rC+) [White
                  | Draconian growth]
  4407 | D:5      | Reached skill level 7 in Unarmed Combat
  4416 | D:5      | HP: 2/57 [gnoll sergeant/+2 vampiric spear (11)]
  4416 | D:5      | Slain by a gnoll

Illustrated notes

Levels and vault maps discovered:
D:1:      lightli_arrival_quake, layout_basic, minmay_crystal_water,
          minmay_curled_crystal
D:2:      layout_loops_cross, basic_ecumenical_altar,
          minmay_misc_feat_nine_boxes
D:3:      layout_rooms, amcnicky_altar_gilded, jmf_multi_god_temple2,
          overflow_temple_1_default, chequers_serial_rivers_micro_a
D:4:      layout_loops_ring, ashenzari_altar_1, lemuel_doored_altar,
          lemuel_crystal_altar, minmay_misc_feat_secret_circle, uniq_eustachio
D:5:      cheibrodos_iron_armory, layout_rooms
D:6:      layout_rooms, kennysheep_mini_moat, marbit_many_paths,
          minmay_temple_entry_glassed_door

Skill      XL: |  1  2  3  4  5  6  7 |
---------------+----------------------+-----
Dodging        | 3 4 |  4.8
Unarmed Combat | 4 5 6 7 |  7.0
Fighting       | |  3.2

Action                   |  1- 3 |  4- 6 |  7- 9 || total
-------------------------+-------+-------+-------++-------
Melee: Unarmed           |   123 |   160 |    18 ||   301
       Tailslap          |    12 |    20 |     2 ||    34
       Punch             |       |     1 |       ||     1
Invok: Berserk           |     1 |     3 |     1 ||     5
  Use: Scroll            |       |     3 |     1 ||     4
 Stab: Sleeping          |       |     2 |       ||     2
Armor: Skin              |    43 |    50 |     4 ||    97
Dodge: Dodged            |    67 |   131 |    11 ||   209

Table legend: (Time is in decaauts)
 A = Elapsed time spent in this place.
 B = Non-inter-level travel time spent in this place.
 C = Inter-level travel time spent in this place.
 D = Time resting spent in this place.
 E = Time spent auto-exploring this place.
 F = Levels seen in this place.
 G = Mean time per level.
                   A        B        C        D        E       F      G
               +--------+--------+--------+--------+--------+-----+--------+
         Total |   4424 |   4355 |     69 |    513 |   3310 |   6 |  737.3 |
       Dungeon |   4424 |   4355 |     69 |    513 |   3310 |   6 |  737.3 |
               +--------+--------+--------+--------+--------+-----+--------+

Top non-repeatable levels by time:
     D:2: 1269 daAuts
     D:1: 1260 daAuts
     D:4: 926 daAuts
     D:3: 698 daAuts
     D:5: 154 daAuts
     D:6: 116 daAuts
